AoeStats
← De_Witt

Arabia

508316022Analyzed
1v1 RM · 10d ago on Sep 21, 2026· 22m 46s· 2 players
Game mode
Random Map
Map size
Tiny (2 player)
Population
200
Speed
Normal
Resources
Standard
Victory
Conquest
Starting age
Dark Age
Ending age
Imperial Age
RankedLock teamsTeams togetherTeam positionsShared explorationLock speedFull tech treeHidden civsTurbo modeCheats
Victory
Defeat
🇦🇷 Vietnamese · Argentina
1212
+16
🇪🇸 Khmer · Spain
1220
-16
De_Witt
0:28 Loom
6:43 Loom
9:00 Feudal Age
11:29 Double-Bit Axe
20:28 Castle Age
19:18 Horse Collar
20:11 Forging
21:12 Scale Mail Armor
21:55 Bow Saw
21:51 Squires
22:31 Iron Casting
21:59 Heavy Plow
Narue
6:17 Loom
8:34 Feudal Age
16:34 Double-Bit Axe
21:19 Forging
21:15 Scale Barding Armor
21:21 Bloodlines
Connection lost

Rejoining the realm…

Still unreachable

The connection could not be restored.

Session expired

The server has moved on; the page needs a fresh start.